 Dungeon Crawl Stone Soup version 0.19-a0-14-gde87d98 (webtiles) character file.

1963 Karasique the Archer (level 9, -8/94 HPs)
             Began as a High Elf Hunter on Apr 29, 2016.
             Killed by divine providence
             ... invoked by an orc priest
              (12 damage)
             ... on level 7 of the Dungeon on Apr 30, 2016.
             The game lasted 00:27:29 (8820 turns).

Karasique the Archer (High Elf Hunter)              Turns: 8820, Time: 00:27:30

Health: -8/94      AC: 24    Str: 14    XL:     9   Next: 0%
Magic:  12/12      EV:  2    Int: 12    God:
Gold:   482        SH:  0    Dex: 18    Spells: 0 memorised, 8 levels left

rFire  + + .     SeeInvis +     q - +2 great sword (freeze)
rCold  . . .     Gourm    .     (armour currently unavailable)
rNeg   + + +     Faith    .     (shield currently unavailable)
rPois  +         Spirit   .     (helmet currently unavailable)
rElec  .         Dismiss  .     (cloak currently unavailable)
rCorr  .         Reflect  .     (gloves currently unavailable)
SustAt .         Harm     .     (boots currently unavailable)
MR     +....     NoTele   +     (no amulet)
Stlth  ++........               (no ring)
                                C - ring "Mathrunt" {rF++ MR+ Int-2 SInv}

@: tree-form, somewhat resistant to hostile enchantments, unstealthy
A: no striking features
a: no special abilities


You were on level 7 of the Dungeon.
You were not hungry.
You were a tree.
You visited 1 branch of the dungeon, and saw 7 of its levels.
You also visited: Sewer and Ossuary.

You collected 482 gold pieces.

Inventory:

Hand Weapons
 q - a +2 great sword of freezing (weapon)
 w - a +2 shortbow
Missiles
 d - 66 arrows
Armour
 l - a +0 pair of gloves (melded)
 m - a +0 chain mail (melded)
 v - a +0 hat (melded)
 R - a cursed +0 cloak (melded)
Jewellery
 C - the ring "Mathrunt" (left branch) {rF++ MR+ Int-2 SInv}
   (You found it on level 6 of the Dungeon)

   [ring of protection from magic]

   It affects your intelligence (-2).
   It greatly protects you from fire.
   It affects your resistance to hostile enchantments.
   It lets you see invisible.
Wands
 u - a wand of flame (38/48)
 A - a wand of enslavement (5/24)
 I - a wand of lightning (4/15)
 K - a wand of lightning (5/15)
 Q - a wand of digging (19/24)
Scrolls
 c - 2 scrolls of fog
 e - a scroll of enchant weapon
 s - 2 scrolls of remove curse
 x - a scroll of magic mapping {unknown}
 y - 3 scrolls of identify
 E - a scroll of random uselessness {unknown}
 F - 3 scrolls of teleportation {unknown}
 G - a scroll of enchant armour {unknown}
 H - a scroll of holy word {unknown}
 J - a scroll of amnesia {unknown}
 M - a scroll of immolation {unknown}
 N - a scroll of blinking {unknown}
 O - a scroll of recharging {unknown}
Potions
 a - 2 potions of agility
 b - a potion of haste {unknown}
 h - a potion of lignification
 i - a potion of cancellation
 j - a potion of curing
 k - a potion of magic {unknown}
 n - a potion of beneficial mutation {unknown}
 o - a potion of resistance {unknown}
 p - 3 potions of brilliance
 r - a potion of heal wounds {unknown}
 t - 2 potions of flight {unknown}
 z - 2 potions of mutation {unknown}
 D - a potion of berserk rage {unknown}
Comestibles
 f - 4 bread rations
 g - 4 meat rations
 B - 4 fruits
 L - a slice of pizza
 P - 3 chunks of flesh


   Skills:
 + Level 6.8 Fighting
 + Level 3.8 Long Blades
 + Level 9.6 Bows
 + Level 4.7 Armour
 - Level 2.1 Dodging
 - Level 1.1 Stealth
 + Level 3.6 Evocations


You had 8 spell levels left.
You didn't know any spells.

Dungeon Overview and Level Annotations

Branches:
Dungeon (7/15)
 Temple: D:4-7

Altars:
Fedhas
Nemelex Xobeh
Qazlal
Ru
Sif Muna
Trog
Vehumet
Zin
The Shining One


Message History

You closely miss the orc wizard.
The orc wizard is heavily wounded.
The orc wizard hits you but does no damage. x2
You hit the orc wizard but do no damage.
The orc wizard is heavily wounded.
The orc wizard hits you but does no damage.
The orc priest miscasts a cantrip.
The orc wizard hits you but does no damage.
You slice the orc wizard!! You freeze the orc wizard.
You kill the orc wizard!
You have reached level 9!
Your experience leads to an increase in your attributes!
Your base attributes are Str 13, Int 14, Dex 17.
Increase (S)trength, (I)ntelligence, or (D)exterity?
You feel stronger.
You feel agile. The orc wizard casts a spell at you.
Helpless, you fail to dodge the puff of frost.
The orc priest invokes the aid of Beogh against you.
Beogh smites you!
You die...

#..#....# #.#
#..#....# #.#########
#..#..#>###.........#
.##.#........###.#####
...................#
.##.#..#.#.#.###.#.#
#.#.##.#.#.# #.#.#
#....[<#.... #.# #
###.##.# #.# #♣#
#.##.# #.# #o# #.##.#
# #o# #.##.# ...
#.##.# #.# #.##.# #.#
#.. #.# ### ..#


You could see an orc priest and an orc wizard.

Vanquished Creatures
  A troll (D:4)
  A wraith (Ossuary)
  Duvessa (D:4)
  An orc warrior (D:7)
  An ogre (D:5)
  A centaur (D:6)
  Dowan (D:4)
  2 scorpions
  3 wights (Ossuary)
  A howler monkey (D:4)
  2 crimson imps
  3 orc priests
  Crazy Yiuf (D:7)
  2 hounds
  Terence (D:2)
  8 orc wizards
  3 worker ants
  8 gnolls
  9 adders
  2 river rats
  A shadow imp (D:6)
  An ooze (D:4)
  An adder zombie (D:6)
  5 worms
  2 dart slugs
  6 giant geckos
  23 orcs
  7 bats
  14 giant cockroaches
  11 goblins
  10 hobgoblins
  11 jackals
  6 kobolds
  3 quokkas
  2 giant newts
  A hobgoblin skeleton (Ossuary)
  A hobgoblin zombie (Ossuary)
  2 kobold zombies (Ossuary)
  9 rats
168 creatures vanquished.

Vanquished Creatures (collateral kills)
  A hobgoblin zombie (Ossuary)
  A kobold zombie (Ossuary)
  An orc skeleton (Ossuary)
3 creatures vanquished.

Grand Total: 171 creatures vanquished

Notes
Turn   | Place    | Note
--------------------------------------------------------------
     0 | D:1      | Karasique the High Elf Hunter began the quest for the Orb.
     0 | D:1      | Reached XP level 1. HP: 14/14 MP: 2/2
   208 | D:1      | Reached XP level 2. HP: 17/20 MP: 3/3
   796 | D:2      | Reached skill level 6 in Bows
   796 | D:2      | Reached XP level 3. HP: 23/25 MP: 4/4
  1006 | D:2      | Found a sacrificial altar of Ru.
  1006 | D:2      | Found a glowing golden altar of the Shining One.
  1174 | D:2      | Found a deep blue altar of Sif Muna.
  1256 | D:2      | Noticed Terence
  1347 | D:2      | HP: 1/26 [Terence/hand axe of chopping (3)]
  1349 | D:2      | Killed Terence
  1349 | D:2      | Reached XP level 4. HP: 2/31 MP: 5/5
  2799 | D:3      | Reached skill level 1 in Armour
  2799 | D:3      | Reached XP level 5. HP: 17/37 MP: 6/6
  2830 | D:3      | Found a glowing drain.
  2857 | Sewer    | Entered a sewer
  3101 | Sewer    | Noticed AnotherOne's ghost (amateur GrBe)
  3680 | D:3      | Reached skill level 7 in Bows
  4303 | D:4      | Reached XP level 6. HP: 37/44 MP: 7/7
  4942 | D:4      | Reached skill level 5 in Fighting
  4958 | D:4      | Found a radiant altar of Vehumet.
  4961 | D:4      | Noticed Dowan
  5006 | D:4      | Noticed Duvessa
  5431 | D:4      | You fall through a shaft!
  5431 | D:5      | Entered Level 5 of the Dungeon
  5473 | D:5      | Reached skill level 8 in Bows
  5473 | D:5      | Reached XP level 7. HP: 50/50 MP: 8/8
  5719 | D:5      | Found a sparkling altar of Nemelex Xobeh.
  5720 | D:5      | Found a blossoming altar of Fedhas.
  5812 | D:5      | Found a stormy altar of Qazlal.
  6138 | D:5      | Found a glowing silver altar of Zin.
  6342 | D:6      | Got a faintly glowing iron ring
  6343 | D:6      | Identified the ring "Mathrunt" {rF++ MR+ Int-2 SInv} (You found it on level 6 of the Dungeon)
  6422 | D:6      | Found a sand-covered staircase.
  6430 | Ossuary  | Entered an ossuary
  6524 | Ossuary  | Reached skill level 1 in Evocations
  6626 | Ossuary  | Noticed a wraith
  6626 | Ossuary  | Noticed a flying skull
  6635 | Ossuary  | Noticed a flying skull
  6638 | Ossuary  | Noticed a wraith
  6649 | Ossuary  | Killed a wraith
  6649 | Ossuary  | Reached skill level 1 in Long Blades
  6861 | Ossuary  | Noticed a flying skull
  6939 | Ossuary  | Reached XP level 8. HP: 56/57 MP: 10/10
  7048 | D:6      | Reached skill level 9 in Bows
  7506 | D:6      | Found a bloodstained altar of Trog.
  8044 | D:4      | Killed Duvessa
  8072 | D:4      | Killed Dowan
  8146 | D:4      | Noticed a troll
  8155 | D:4      | Killed a troll
  8699 | D:7      | Noticed Crazy Yiuf
  8704 | D:7      | Killed Crazy Yiuf
  8820 | D:7      | Reached XP level 9. HP: 6/63 MP: 12/12
  8820 | D:7      | HP: 4/94 [orc wizard/puff of frost (3)]
  8820 | D:7      | Killed from afar by an orc priest

Vault maps used:
D:1:      lightli_arrival_isolated_outpost, serial_park_tiny_1,
          kennysheep_small_spiral, serial_park_tiny_2
D:2:      nicolae_overflow_hidden_temple, uniq_terence
D:3:      first_bread, gup_sewer_entry_bubbles
D:4:      kennysheep_mini, uniq_duvessa
D:5:      kennysheep_mini_moat, old_standard_altar,
          gammafunk_temple_overflow_wave
D:6:      minmay_klotski, lemuel_crystal_altar,
          lightli_ossuary_entry_decrepit_ruins, dk_noncrumbling_4
D:7:      minmay_temple_entry_overgrown, uniq_crazy_yiuf_cottage
Sewer:    sewer_minmay_treatment
Ossuary:  ossuary_due_cavern

Skill      XL: |  1  2  3  4  5  6  7  8 |
---------------+-------------------------+-----
Bows           | 6 7 8 9 |  9.6
Fighting       | 3 4 5 6 |  6.8
Armour         | 1 2 3 4 |  4.7
Evocations     | 1 3 |  3.6
Long Blades    | 1 3 |  3.8
Dodging        | |  2.1
Stealth        | |  1.1

Action                   |  1- 3 |  4- 6 |  7- 9 || total
-------------------------+-------+-------+-------++-------
Melee: Short sword       |   101 |   363 |       ||   464
       Mace              |       |   123 |    86 ||   209
       Great sword       |       |       |   138 ||   138
 Fire: Shortbow          |    32 |    53 |    56 ||   141
Evoke: Wand              |       |       |     3 ||     3
  Use: Scroll            |       |     4 |     2 ||     6
       Potion            |       |     1 |     2 ||     3
 Stab: Sleeping          |     1 |       |       ||     1
  Eat: Chunk             |     1 |    14 |     7 ||    22
       Bread ration      |       |       |     1 ||     1
Armor: Leather armour    |    38 |       |       ||    38
       Chain mail        |       |   468 |   167 ||   635
       Skin              |       |       |    18 ||    18
Dodge: Dodged            |    74 |   188 |    89 ||   351
